 Dungeon Crawl Stone Soup version 0.17.0-28-g6e173f8 (webtiles) character file.

2715 M4edhros the Covert (level 9, -1/53 HPs)
             Began as an Octopode Artificer on Dec 1, 2015.
             Was a Priest of Fedhas.
             Slain by a wolf (11 damage)
             ... on level 8 of the Dungeon.
             The game lasted 00:16:49 (8981 turns).

M4edhros the Covert (Octopode Artificer)            Turns: 8981, Time: 00:16:49

Health: -1/53      AC:  1    Str: 11    XL:     9   Next: 66%
Magic:  14/15      EV: 14    Int: 17    God:    Fedhas [***...]
Gold:   459        SH:  0    Dex: 12    Spells: 0 memorised, 8 levels left

rFire  . . .     SeeInvis +     p - +1 dagger (venom)
rCold  . . .     Clarity  +     (no shield)
rNeg   . . .     SustAt   .     (helmet restricted)
rPois  .         Gourm    .     (no amulet)
rElec  .         Spirit   .     n - ring of see invisible
rCorr  .         Warding  .     (no ring)
rMut   .         Stasis   .     (no ring)
MR     .....                    (no ring)
Stlth  ++++++....               (no ring)
                                (no ring)
                                (no ring)
                                (no ring)

@: not resistant to hostile enchantments, very stealthy
A: almost no armour, amphibious, 8 rings, constrict 8, camouflage 1, clarity,
gelatinous body 1
a: Evolution, Sunlight, Growth, Renounce Religion


You were on level 8 of the Dungeon.
You worshipped Fedhas.
Fedhas was most pleased with you.
You were near starving.

You visited 2 branches of the dungeon, and saw 9 of its levels.
You also visited: Sewer.

You collected 459 gold pieces.

Inventory:

Hand Weapons
 a - a +0 short sword of freezing
 p - a +1 dagger of venom (weapon)
 x - a +0 hunting sling
Missiles
 u - 239 stones (quivered)
 y - 32 sling bullets
Jewellery
 n - a ring of see invisible (left tentacle)
Wands
 b - a wand of digging (19)
 c - a wand of enslavement (15)
 d - a wand of random effects (7)
 l - a wand of polymorph (17)
 o - a wand of slowing (13)
Scrolls
 f - 3 scrolls of enchant armour
 i - a scroll of amnesia
 j - a scroll of recharging
 k - 3 scrolls of teleportation
 r - a scroll of fear
 s - a scroll of identify
Potions
 g - 2 potions of might
 m - a potion of flight
 A - a potion of haste
Comestibles
 e - 4 bread rations
 h - 6 fruits
 q - a beef jerky


   Skills:
 - Level 1.0 Fighting
 - Level 1.0 Short Blades
 * Level 5.6 Slings
 + Level 4.6 Dodging
 + Level 9.5 Stealth
 + Level 4.9 Invocations
 + Level 8.3 Evocations


You had 8 spell levels left.
You didn't know any spells.

Dungeon Overview and Level Annotations

Branches:
Dungeon (8/15)             Temple (1/1) D:5
   Lair: D:8-11

Altars:
Ashenzari
Cheibriados
Elyvilon
Fedhas
Gozag
Kikubaaqudgha
Makhleb
Nemelex Xobeh
Okawaru
Qazlal
Ru
Sif Muna
Trog
Vehumet
Xom
Yredelemnul
Zin
The Shining One

Shops:
D:7 :

Annotations:
D:5 1 runed door


Innate Abilities, Weirdness & Mutations

You cannot wear most types of armour.
You are amphibious.
You can wear up to eight rings at the same time.
You can use your tentacles to constrict eight enemies at once.
Your skin changes colour to match your surroundings (Stealth).
Your rubbery body absorbs attacks (AC +1).
You possess an exceptional clarity of mind.


Message History

This wand has 8 charges left.
The wolf barely misses you.
Evoke which item? (* to show all) (? for menu, Esc to quit)
Zapping:
d - a wand of random effects (8)
Press: ? - help, Shift-Dir - straight line, f/p - wolf
Aim: a wolf (almost dead, slow)
The wolf resists with significant effort.
This wand has 7 charges left.
The wolf bites you.
* * * LOW HITPOINT WARNING * * *
Evoke which item? (* to show all) (? for menu, Esc to quit)
Okay, then.
Read which item? (? for menu, Esc to quit)
Okay, then.
Drink which item? (? for menu, Esc to quit)
Okay, then.
Wield which item (- for none, * to show all)? (? for menu, Esc to quit)
It begins to drip with poison!
p - a +1 dagger of venom (weapon)
The wolf bites you!
You die...
Fedhas appreciates your contribution to the ecosystem.

#..###..##.#.#...##
#..#.......#.##.##
#..#.#.f####.##.#
#..#.#.......##.#
#.....<.#######+##
##.....## ##...##
##.#### ##.....##
#.#.## ##.......#
#@...####.........
#h......+.....<...
#....####.........
#(#.## ##.......#
#÷##### #.......##
#f#...# #.##...##
#((...###.###+##
###.........
#†.≈≈≈..≈.


You could see a wolf and a friendly wandering mushroom.

Vanquished Creatures
  Menkaure (D:4)
  Purgy (Sewer)
  An ice beast (D:5)
  An ogre (D:7)
  A centaur (D:7)
  A giant frog (D:6)
  A scorpion (D:5)
  3 wights (D:7)
  A vampire bat (D:4)
  A crimson imp (D:5)
  2 jellies (D:5)
  Ijyb (D:3)
  3 hounds
  7 orc wizards
  An iguana (D:7)
  4 worker ants
  Natasha (twice) (D:2)
  A hound skeleton (D:6)
  5 adders
  2 gnolls (D:7)
  4 oozes
  2 worms
  7 giant geckos
  16 orcs
  11 bats
  A bat skeleton (D:4)
  4 bat zombies (D:4)
  4 giant cockroaches
  14 goblins
  8 hobgoblins
  6 jackals
  10 kobolds
  3 quokkas
  A ball python (D:4)
  A giant gecko zombie (D:5)
  4 giant newts
  A quokka skeleton (D:4)
  8 rats
  A butterfly (D:5)
146 creatures vanquished.

Vanquished Creatures (collateral kills)
  A troll (D:8)
  A wolf (D:8)
  An ice beast (D:7)
  3 orc warriors (D:7)
  5 ogres
  A phantom (D:3)
  A big kobold (D:7)
  A killer bee (D:5)
  A scorpion (D:5)
  A vampire bat (D:4)
  2 wights (D:7)
  3 orc priests
  A crimson imp (D:7)
  3 gnoll shamans (D:7)
  2 orc wizards
  An iguana (D:7)
  4 worker ants
  A worker ant zombie (D:5)
  2 adders (D:3)
  11 gnolls
  A shadow imp (D:5)
  A giant gecko (D:5)
  4 orcs
  4 giant cockroaches
  A jackal (D:8)
  A quokka zombie (D:7)
  4 butterflies (D:5)
  A toadstool (D:7)
63 creatures vanquished.

Vanquished Creatures (others)
  An ice beast (D:5)
  A necrophage (D:5)
  An adder zombie (D:5)
  8 wandering mushrooms
  2 fungi (D:7)
  9 plants (D:7)
  123 toadstools
145 creatures vanquished.

Grand Total: 354 creatures vanquished

Notes
Turn   | Place    | Note
--------------------------------------------------------------
     0 | D:1      | M4edhros the Octopode Artificer began the quest for the Orb.
     0 | D:1      | Reached XP level 1. HP: 13/13 MP: 3/3
   112 | D:1      | Reached XP level 2. HP: 13/18 MP: 4/4
   553 | D:2      | Reached XP level 3. HP: 23/23 MP: 5/5
   632 | D:3      | Reached skill level 4 in Evocations
   838 | D:4      | Noticed Menkaure
   842 | D:4      | Killed Menkaure
   842 | D:4      | Reached skill level 5 in Stealth
   842 | D:4      | Reached skill level 5 in Evocations
   842 | D:4      | Reached XP level 4. HP: 28/28 MP: 7/7
   842 | D:4      | Reached XP level 5. HP: 33/33 MP: 8/8
   878 | D:4      | Found an ancient bone altar of Kikubaaqudgha.
   929 | D:5      | Entered Level 5 of the Dungeon
   938 | D:4      | Found a shattered altar of Ashenzari.
   968 | D:5      | Killed an ice beast
   986 | D:5      | Found a glowing drain.
   995 | Sewer    | Entered a sewer
  1010 | Sewer    | Reached XP level 6. HP: 33/38 MP: 10/10
  1057 | Sewer    | Noticed Purgy
  1073 | Sewer    | Killed Purgy
  1073 | Sewer    | Reached skill level 6 in Stealth
  1219 | D:5      | Found a radiant altar of Vehumet.
  1379 | D:5      | Reached skill level 7 in Stealth
  1379 | D:5      | Reached XP level 7. HP: 32/43 MP: 11/11
  1672 | D:5      | Found a staircase to the Ecumenical Temple.
  1678 | Temple   | Entered the Ecumenical Temple
  1717 | Temple   | Became a worshipper of Xom of Chaos
  1724 | Temple   | Fell from the grace of Xom
  1724 | Temple   | Became a worshipper of Fedhas Madash
  1995 | D:2      | XOM: summons 13 hostile demons
  1996 | D:2      | Noticed an orange demon
  1996 | D:2      | Noticed a chaos spawn
  2517 | D:2      | Reached * piety under Fedhas
  2747 | D:2      | Noticed Natasha
  2756 | D:2      | Killed Natasha
  2825 | D:2      | Noticed Natasha
  2835 | D:2      | Killed Natasha
  2918 | D:2      | Found a glowing silver altar of Zin.
  3026 | D:2      | Found a glowing golden altar of the Shining One.
  3209 | D:3      | Noticed a phantom
  3362 | D:3      | Killed a phantom
  3362 | D:3      | Reached skill level 1 in Invocations
  3506 | D:3      | XOM: medium Pois miscast
  3564 | D:3      | Noticed Ijyb
  3573 | D:3      | Killed Ijyb
  3849 | D:3      | Reached ** piety under Fedhas
  4059 | D:4      | Found a bloodstained altar of Trog.
  4227 | D:4      | Found a blossoming altar of Fedhas.
  4336 | D:4      | XOM: mild Divn miscast
  4382 | D:4      | Reached skill level 1 in Slings
  4650 | D:4      | Reached XP level 8. HP: 33/48 MP: 13/13
  4669 | D:4      | XOM: mild Divn miscast
  4982 | D:5      | Found an iron altar of Okawaru.
  5003 | D:5      | Noticed an ogre
  5009 | D:5      | Killed an ogre
  5009 | D:5      | Reached skill level 8 in Stealth
  5082 | D:5      | Found a sacrificial altar of Ru.
  5176 | D:5      | XOM: mild Ice miscast
  5401 | D:5      | XOM: polymorph wandering mushroom -> wandering mushroom
  5725 | D:5      | XOM: medium Pois miscast
  5748 | D:5      | Noticed an ice beast
  5759 | D:5      | Killed an ice beast
  5764 | D:5      | Noticed a necrophage
  5766 | D:5      | Killed a necrophage
  5789 | D:5      | Noticed an ogre
  5796 | D:5      | Killed an ogre
  5833 | D:5      | Found a runed door.
  5845 | D:5      | Found a runed door.
  5847 | D:5      | XOM: medium Air miscast
  5868 | D:5      | XOM: medium Air miscast
  6193 | D:5      | Reached *** piety under Fedhas
  6377 | D:5      | Found a stormy altar of Qazlal.
  6435 | D:5      | Found a basalt altar of Yredelemnul.
  6435 | D:5      | Found an opulent altar of Gozag.
  7060 | D:6      | XOM: chaos upgrade
  7432 | D:7      | XOM: medium Air miscast
  7665 | D:7      | XOM: scenery: create altars
  7768 | D:7      | Reached XP level 9. HP: 53/53 MP: 14/14
  7833 | D:7      | Gained mutation: You possess an exceptional clarity of mind. [potion of beneficial mutation]
  7860 | D:7      | Found Daewufum's Book Emporium.
  7999 | D:7      | XOM: mild Tloc miscast
  8042 | D:7      | Reached skill level 9 in Stealth
  8237 | D:7      | Reached skill level 5 in Slings
  8402 | D:7      | XOM: medium Fire miscast
  8862 | D:8      | XOM: noise
  8981 | D:8      | Slain by a wolf

Action                   |  1- 3 |  4- 6 |  7- 9 || total
-------------------------+-------+-------+-------++-------
Melee: Short sword       |    30 |    52 |       ||    82
       Whip              |     1 |       |       ||     1
       Dagger            |       |     1 |   212 ||   213
       Hunting sling     |       |       |     7 ||     7
 Fire: Hunting sling     |       |       |   260 ||   260
Invok: Evolution         |       |       |     9 ||     9
Evoke: Wand              |     3 |     3 |    18 ||    24
  Use: Potion            |     3 |     5 |     8 ||    16
       Scroll            |       |       |    11 ||    11
 Stab: Sleeping          |     7 |    11 |    23 ||    41
       Confused          |       |     3 |     1 ||     4
       Distracted        |       |       |     3 ||     3
  Eat: Chunk             |       |     1 |       ||     1
       Bread ration      |       |       |     3 ||     3
       Meat ration       |       |       |     2 ||     2
